 Dungeon Crawl Stone Soup version 0.28-a0-948-gee6e0bcda6 (webtiles) character file.

Game seed: 16860154166603925310

246696 Peloso the Minotaur Blade (level 19, 0/187 HPs)
             Began as a Minotaur Fighter on Nov 29, 2021.
             Was the Champion of Okawaru.
             Slain by a naga (24 damage)
             ... on level 3 of the Snake Pit on Nov 30, 2021.
             The game lasted 02:13:23 (51341 turns).

Peloso the Minotaur Blade (Minotaur Fighter)       Turns: 51341, Time: 02:13:24

Health: 0/187      AC: 27    Str: 39    XL:     19   Next: 53%
Magic:  20/20      EV: 14    Int:  5    God:    Okawaru [******]
Gold:   2708       SH: 16    Dex: 17    Spells: 18/18 levels left

rFire   + . .      SeeInvis +   b - +8 scimitar "Gigom" {flame, rC+ Dex+5}
rCold   + + .      Faith    +   c - +0 kite shield {reflect}
rNeg    + . .      Spirit   .   n - +2 plate armour {Will+}
rPois   .          Reflect  +   z - +0 hat {SInv}
rElec   .          Harm     .   W - +0 cloak {rCorr}
rCorr   +          Rampage  .   g - +2 pair of gloves of Okawaru's Delight {Str+5}
Will    +++..                   l - +0 pair of boots of the Shoals {Str+4 Int+3 Slay+2}
Stlth   ..........              p - amulet "Jycoxyro" {Faith rF+ Regen+ Str+5 Int-3}
HPRegen 1.21/turn               Y - ring "Urghoosess" {rC+ SInv}
MPRegen 0.17/turn               G - ring "Ymigoc" {rN+ Will+ rCorr Str-2}

@: slowed, lost intelligence, unable to read, very slow
A: horns 2, retaliatory headbutt
a: Renounce Religion, Heroism, Finesse, Duel


You were on level 3 of the Snake Pit.
You worshipped Okawaru.
Okawaru was exalted by your worship.
You visited 7 branches of the dungeon, and saw 33 of its levels.
You visited the Abyss 2 times.
You also visited: Sewer, Ossuary, Gauntlet and Volcano.

You collected 5087 gold pieces.
You spent 2379 gold pieces at shops.

Inventory:

Hand Weapons
 a - a +3 double sword of holy wrath
 b - the +8 scimitar "Gigom" (weapon) {flame, rC+ Dex+5}
   (Okawaru gifted it to you on level 1 of the Elven Halls)

   It burns those it strikes, dealing additional fire damage.
   Big, fiery blades are also staple armaments of hydra-hunters.
   Dex:       It affects your dexterity (+5).
   rC:        It protects you from cold.
 B - a +6 demon blade of flaming
Missiles
 A - 3 throwing nets (quivered)
Armour
 c - a +0 kite shield of reflection (worn)
 g - the +2 pair of gloves of Okawaru's Delight (worn) {Str+5}
   (Okawaru gifted it to you on level 3 of the Elven Halls)

   Str:       It affects your strength (+5).
 l - the +0 pair of boots of the Shoals (worn) {Str+4 Int+3 Slay+2}
   (You acquired it on level 13 of the Dungeon)

   Str:       It affects your strength (+4).
   Int:       It affects your intelligence (+3).
   Slay:      It affects your accuracy & damage with ranged weapons and melee
   (+2).
 n - a +2 plate armour of willpower (worn)
 q - a +0 plate armour of fire resistance
 z - a +0 hat of see invisible (worn)
 E - a +0 pair of gloves of infusion
 W - a +0 cloak of preservation (worn)
Jewellery
 m - an amulet of the acrobat
 p - the amulet "Jycoxyro" (around neck) {Faith rF+ Regen+ Str+5 Int-3}
   (You acquired it on level 2 of the Abyss)

   [amulet of faith]

   It allows you to gain divine favour quickly.
   Str:       It affects your strength (+5).
   Int:       It affects your intelligence (-3).
   rF:        It protects you from fire.
   Regen:     It increases your rate of health regeneration.
 t - a ring of magical power
 u - a ring of protection from fire
 w - a ring of positive energy
 C - an amulet of faith
 G - the ring "Ymigoc" (right hand) {rN+ Will+ rCorr Str-2}
   (You took it off a deep elf demonologist on level 3 of the Elven Halls)

   [ring of positive energy]

   Str:       It affects your strength (-2).
   rN:        It protects you from negative energy.
   rCorr:     It protects you from acid and corrosion.
   Will:      It increases your willpower.
 P - the ring of the Spinneret {+Blink rF+ Str+3 Slay+4}
   (You took it off a deep elf demonologist on level 3 of the Elven Halls)

   [ring of slaying]

   Str:       It affects your strength (+3).
   Slay:      It affects your accuracy & damage with ranged weapons and melee
   (+4).
   rF:        It protects you from fire.
   +Blink:    It lets you blink.
 R - the ring "Daoph" {rPois AC+4 Int-5 Dex+3}
   (You took it off a deep elf sorcerer on level 3 of the Elven Halls)

   [ring of protection]

   AC:        It affects your AC (+4).
   Int:       It affects your intelligence (-5).
   Dex:       It affects your dexterity (+3).
   rPois:     It protects you from poison.
 U - a +4 ring of slaying
 X - the ring "Vasuc" {rF+ rC- rN+++ Will+ EV+4}
   (You found it on level 3 of the Elven Halls)

   [ring of evasion]

   EV:        It affects your evasion (+4).
   rF:        It protects you from fire.
   rC:        It makes you vulnerable to cold.
   rN:        It renders you almost immune to negative energy.
   Will:      It increases your willpower.
 Y - the ring "Urghoosess" (left hand) {rC+ SInv}
   (You found it in a Gauntlet)

   [ring of see invisible]

   rC:        It protects you from cold.
   SInv:      It lets you see invisible.
Wands
 e - a wand of digging (20)
 r - a wand of polymorph (12)
 y - a wand of acid (22)
Scrolls
 i - 11 scrolls of identify
 j - 6 scrolls of teleportation
 s - 2 scrolls of blinking
 D - 3 scrolls of immolation
 F - 2 scrolls of enchant armour
 H - 2 scrolls of magic mapping
 N - 8 scrolls of fear
 V - a scroll of acquirement
Potions
 d - 10 potions of haste
 f - 3 potions of heal wounds
 h - 5 potions of flight
 k - 5 potions of resistance
 o - 9 potions of curing
 v - 3 potions of mutation
 x - a potion of brilliance
 S - 3 potions of might


   Skills:
 + Level 20.7 Fighting
 + Level 22.0 Long Blades
 + Level 18.6 Armour
 + Level 9.0 Dodging
 + Level 3.9 Stealth
 + Level 21.9 Shields
 + Level 3.3 Invocations
 + Level 2.4 Evocations


You had 18 spell levels left.
You didn't know any spells.
Your spell library contained the following spells:

 Spells                   Type           Power      Damage    Failure   Level
 Apportation              Tloc           0%         N/A       86%         1
 Beastly Appendage        Tmut           0%         N/A       86%         1
 Magic Dart               Conj           0%         1d3       86%         1
 Shock                    Conj/Air       0%         1d3       86%         1
 Blink                    Tloc           0%         N/A       95%         2
 Searing Ray              Conj           0%         2d4       95%         2
 Sublimation of Blood     Necr           0%         N/A       95%         2
 Wereblood                Tmut           0%         N/A       95%         2
 Lesser Beckoning         Tloc           0%         N/A       99%         3
 Spider Form              Tmut/Pois      0%         N/A       99%         3
 Swiftness                Air            0%         N/A       99%         3
 Airstrike                Air            0%         N/A       100%        4
 Fulminant Prism          Conj/Hex       0%         3d6       100%        4
 Hailstorm                Conj/Ice       0%         3d3       100%        4
 Ice Form                 Ice/Tmut       0%         N/A       100%        4
 Petrify                  Tmut/Erth      0%         N/A       100%        4
 Alistair's Intoxication  Tmut/Pois      0%         N/A       100%        5
 Borgnjor's Vile Clutch   Necr/Erth      0%         N/A       100%        5
 Fireball                 Conj/Fire      0%         3d3       100%        5
 Irradiate                Conj/Tmut      0%         3d13      100%        5
 Iskenderun's Battlesphe  Conj           0%         2d6       100%        5
 Manifold Assault         Tloc           0%         N/A       100%        5
 Conjure Ball Lightning   Conj/Air       0%         3x3d6     100%        6
 Dispersal                Tloc           0%         N/A       100%        6
 Eringya's Noxious Bog    Tmut/Pois      0%         N/A       100%        6
 Starburst                Conj/Fire      0%         6d3       100%        6
 Statue Form              Tmut/Erth      0%         N/A       100%        6
 Orb of Destruction       Conj           0%         N/A       100%        7
 Storm Form               Tmut/Air       0%         N/A       100%        7
 Disjunction              Tloc           0%         N/A       100%        8
 Simulacrum               Ice/Necr       Unusable   N/A       N/A         6

Dungeon Overview and Level Annotations

Branches:
Dungeon (15/15)            Temple (1/1) D:7            Lair (6/6) D:9
 Shoals (2/4) Lair:2        Snake (4/4) Lair:3        Slime (0/5) Lair:6
    Orc (2/2) D:11            Elf (3/3) Orc:2        Vaults (0/5) D:14
 Depths (0/4) D:15          Sewer (visited)         Ossuary (visited)
Volcano (visited)         Gauntlet (visited)

Altars:
Ashenzari
Gozag
Hepliaklqana
Kikubaaqudgha
Nemelex Xobeh
Okawaru
Qazlal
Sif Muna
Trog
Vehumet
Wu Jian
Xom
Yredelemnul
The Shining One
Beogh

Shops:
D:8 ?*   D:15 *   Orc:1 *   Orc:2 [(([?   Elf:1 *(((:   Elf:2 *   Elf:3 *
Snake:1 **[(   Snake:2 ==:   Snake:3 ?


Innate Abilities, Weirdness & Mutations

You have a pair of horns on your head.
You reflexively headbutt those who attack you in melee.


Message History

Your +0 kite shield of reflection reflects the splash of poison!
The splash of poison hits the naga mage.
The naga warrior hits you from afar with a +0 glaive!
You block the naga warrior's attack. The naga warrior grabs you.
The naga warrior constricts you.
You feel weaker.
G - the ring "Ymigoc" (right hand) {rN+ Will+ rCorr Str-2} The naga mage barely misses you.
You furiously retaliate!
You headbutt the naga mage!
The naga sharpshooter casts a spell.
The naga sharpshooter magically shoots a bolt.
The bolt hits you!!
* * * LOW HITPOINT WARNING * * *
Unknown command.
You chop the naga warrior into pieces!!!
You burn the naga warrior.
You kill the naga warrior!
Okawaru accepts your kill. You block the naga's attack. x2
The naga warrior hits you from afar with a +0 glaive!!
* * * LOW HITPOINT WARNING * * *
The naga sharpshooter mumbles some strange words.
The naga sharpshooter magically shoots an arrow.
The arrow hits you!
* * * LOW HITPOINT WARNING * * *
The naga sharpshooter mumbles some strange words.
The naga sharpshooter magically shoots a bolt.
The bolt hits you but does no damage.
You feel much better.
The naga mage hits you but does no damage.
You block the naga mage's attack. The naga hits you with a +0 mace!
* * * LOW HITPOINT WARNING * * *
You block the naga's attack. The naga warrior misses you.
A naga warrior comes into view. It is wielding a +2 vampiric battleaxe.
The naga mage barely misses you. You furiously retaliate!
You headbutt the naga mage. The naga mage misses you.
The naga sharpshooter gestures wildly while chanting.
The naga sharpshooter magically shoots a bolt.
The bolt barely misses you. The naga hits you with a +0 mace!!
You die...

###.......## ##.......#
##......# #......###....
. ### #.......#8..8# .
#.# ##......##....# .
#.## ##.......#8..8# .
#..# #.....)N.#.N..#..
##.### ##.....@.N.NN.....
#....###......N..........
###...#(.................
##..............)......
##...##.....).).......
#.#####..[.#####.###. #.#
##...## # ### ##...#
#####


You could see 2 naga warriors, 2 naga sharpshooters, a naga mage (fast, strong)
and a naga (strong).

Vanquished Creatures
  A profane servitor (Abyss:3)
  Jorgrun (Shoals:1)
  A tentacled monstrosity (D:14)
  2 deep elf blademasters (Elf:3)
  2 deep elf master archers (Elf:3)
  2 tentacled starspawn
  A sphinx (D:13)
  Donald (Shoals:1)
  3 nagarajas
  A fire giant (D:15)
  Roxanne (Elf:2)
  3 deep elf sorcerers
  5 deep elf elementalists
  3 very ugly things
  The ghost of fly the Cruncher, a journeyman FoDe of Uskayaw (D:13)
  A stone giant (D:15)
  6 deep elf demonologists
  10 deep elf annihilators
  A minotaur (Gauntlet)
  8 deep elf death magi
  A merfolk javelineer (Shoals:2)
  A fire dragon (Volcano)
  2 deep elf high priests (Elf:3)
  3 merfolk impalers (Shoals:1)
  The ghost of Decritt the Fighter, a journeyman MiFi of Gozag (D:12)
  Fannar (Lair:2)
  4 vault guards
  11 naga warriors
  A salamander tyrant (Snake:2)
  An ice dragon (Lair:6)
  13 hydras
  9 centaur warriors
  An alligator snapping turtle (Shoals:2)
  30 dancing weapons
  2 ogre magi (D:15)
  4 boulder beetles
  8 anacondas
  17 two-headed ogres
  8 thrashing horrors
  A death scarab (Gauntlet)
  A soul eater (Gauntlet)
  A shock serpent (shapeshifter) (Elf:3)
  7 shock serpents
  10 orc high priests
  A naga sharpshooter (Snake:4)
  4 tengu warriors
  4 sun demons (Volcano)
  2 wretched stars
  25 deep elf knights
  A fire crab (shapeshifter) (D:14)
  Nergalle (D:12)
  2 sixfirhies
  4 skeletal warriors
  3 sea snakes
  9 deep elf archers
  3 naga ritualists
  An orc knight (Orc:2)
  2 wizards (D:14)
  9 harpies (Shoals:1)
  22 deep elf zephyrmancers
  6 mana vipers
  15 ugly things
  30 deep elf pyromancers
  2 wolf spiders (Lair:6)
  2 orc sorcerers
  A lindwurm (Lair:6)
  2 fauns (Shoals:1)
  A will-o-the-wisp (Lair:5)
  A spectral boulder beetle (Gauntlet)
  9 manticores
  11 slime creatures
  2 worldbinders (Abyss:2)
  10 salamanders
  14 elephants
  6 cyclopes
  18 naga magi
  4 guardian serpents
  A water nymph (Shoals:1)
  A merfolk siren (Shoals:1)
  A guardian serpent (shapeshifter) (D:15)
  3 smoke demons (Volcano)
  38 black mambas
  14 cane toads
  5 torpor snails (Lair:6)
  A gargoyle (D:12)
  10 komodo dragons
  5 rime drakes
  An unseen horror (D:11)
  2 tengu conjurers
  5 efreet
  2 freezing wraiths
  A demonic crawler (D:14)
  An ancient zyme (Abyss:2)
  11 hornets
  4 wind drakes
  2 trolls
  4 tyrant leeches (Lair:6)
  A wolf spider simulacrum (D:15)
  4 polar bears
  3 meliai (D:14)
  5 merfolk
  6 dream sheep (Lair:6)
  A raiju (Abyss:2)
  42 blink frogs
  4 large abominations
  5 snapping turtles
  4 air elementals
  A spriggan (shapeshifter) (Abyss:2)
  15 flying skulls
  3 redbacks (Lair:6)
  2 shadows
  44 yaks
  8 wyverns (Lair:6)
  A wraith (D:13)
  6 water elementals
  7 steam dragons
  5 golden eyes (Abyss:3)
  6 chaos spawn
  3 basilisks
  3 fire elementals
  9 vampire mosquitoes
  6 small abominations
  3 swamp worms (Gauntlet)
  8 wargs
  37 nagas
  3 acid dragons
  28 water moccasins
  A hell hound (Volcano)
  3 swamp drakes
  Pargi (Sewer)
  16 orc warriors
  3 black bears
  A hornet zombie (D:7)
  23 wolves
  8 centaurs
  11 ogres
  2 phantoms (D:11)
  4 kobold brigands
  3 earth elementals
  11 bullfrogs
  2 water moccasin zombies (D:5)
  16 scorpions
  2 wyvern skeletons
  A water moccasin skeleton (D:6)
  2 troll zombies (D:11)
  3 howler monkeys (D:10)
  2 electric eels
  17 jellies
  A bullfrog zombie (D:6)
  2 centaur zombies
  3 hounds (D:6)
  36 orc priests
  A centaur skeleton (D:7)
  A gnoll shaman (D:8)
  A bullfrog skeleton (D:5)
  An iron imp (Abyss:3)
  4 iguanas
  Natasha (thrice) (D:3)
  Terence (D:2)
  2 scorpion zombies (Ossuary)
  13 orc wizards
  7 hell rats
  2 killer bee zombies
  4 ogre zombies (D:11)
  A hound zombie (D:5)
  A hound skeleton (D:5)
  3 mummies (Ossuary)
  A howler monkey zombie (D:9)
  6 adders
  3 gnolls (D:8)
  2 shadow imps (Gauntlet)
  3 white imps
  2 ufetubi (D:4)
  A worm (D:2)
  9 dart slugs
  63 orcs
  6 ball pythons
  10 bats
  2 endoplasms
  5 giant cockroaches
  3 gnoll zombies (Ossuary)
  5 goblins
  10 hobgoblins
  7 jackals
  4 goblin zombies
  7 hobgoblin zombies
  25 kobolds
  3 kobold zombies (Ossuary)
  16 orc zombies
  5 rats
  8 bushes (Lair:1)
  A lurking horror (Abyss:3)
  A plant (Lair:1)
1231 creatures vanquished.

Vanquished Creatures (others)
  A dancing weapon (Elf:1)
  A chaos spawn (Abyss:3)
  4 bushes
  10 foxfires (Lair:5)
  107 fungi
  202 plants
  4 starspawn tentacles
329 creatures vanquished.

Grand Total: 1560 creatures vanquished

Notes
Turn   | Place    | Note
-------+----------+-------------------------------------------
     0 | D:1      | Peloso the Minotaur Fighter began the quest for the Orb.
     0 | D:1      | Reached XP level 1. HP: 19/19 MP: 0/0
    46 | D:1      | Reached XP level 2. HP: 27/27 MP: 1/1
    78 | D:1      | Found a faded altar of an unknown god.
   593 | D:2      | Reached XP level 3. HP: 17/33 MP: 2/2
   669 | D:2      | You fall into a shaft and drop 2 floors!
   832 | D:4      | Noticed a scorpion
   841 | D:4      | Killed a scorpion
   842 | D:4      | Reached skill level 3 in Long Blades
   842 | D:4      | Reached skill level 1 in Dodging
   842 | D:4      | Reached XP level 4. HP: 20/41 MP: 3/3
  1369 | D:3      | Reached skill level 4 in Long Blades
  1435 | D:3      | Reached XP level 5. HP: 46/47 MP: 4/4
  1443 | D:3      | Noticed Natasha
  1448 | D:3      | Killed Natasha
  1490 | D:3      | Found a glowing drain.
  1500 | Sewer    | Entered a sewer
  1636 | Sewer    | Noticed Pargi
  1643 | Sewer    | Killed Pargi
  1644 | Sewer    | Reached skill level 5 in Armour
  1644 | Sewer    | Reached XP level 6. HP: 49/53 MP: 5/5
  1905 | D:3      | Noticed Natasha
  1913 | D:3      | Killed Natasha
  1914 | D:3      | Reached skill level 5 in Long Blades
  1985 | D:3      | Noticed Natasha
  1988 | D:3      | Killed Natasha
  2180 | D:2      | Found a basalt altar of Yredelemnul.
  2339 | D:2      | Noticed Terence
  2345 | D:2      | Killed Terence
  3414 | D:4      | Reached skill level 6 in Long Blades
  3626 | D:4      | Reached XP level 7. HP: 52/60 MP: 6/6
  3742 | D:5      | Entered Level 5 of the Dungeon
  3817 | D:5      | Reached skill level 5 in Fighting
  3980 | D:5      | Reached skill level 7 in Long Blades
  4627 | D:5      | Reached skill level 8 in Long Blades
  4627 | D:5      | Reached XP level 8. HP: 64/68 MP: 7/7
  4831 | D:5      | Found an ornate altar of the Wu Jian Council.
  5066 | D:6      | Reached skill level 5 in Shields
  5076 | D:6      | Found a sparkling altar of Nemelex Xobeh.
  5096 | D:6      | Found a stormy altar of Qazlal.
  5677 | D:7      | Reached skill level 9 in Long Blades
  5716 | D:7      | Found a basalt altar of Yredelemnul.
  5773 | D:7      | Found a sand-covered staircase.
  5780 | Ossuary  | Entered an ossuary
  6055 | Ossuary  | Reached XP level 9. HP: 74/75 MP: 8/8
  6168 | Ossuary  | Reached skill level 10 in Long Blades
  6486 | D:7      | Reached skill level 1 in Stealth
  7148 | D:7      | Found a staircase to the Ecumenical Temple.
  7461 | Temple   | Entered the Ecumenical Temple
  7496 | Temple   | Became a worshipper of Warmaster Okawaru
  7694 | D:8      | Reached skill level 11 in Long Blades
  7695 | D:8      | Found a radiant altar of Vehumet.
  7802 | D:8      | Found Awijoynn's Magic Scroll Shoppe.
  7840 | D:8      | Reached * piety under Okawaru
  8021 | D:8      | Bought a scroll of magic mapping for 49 gold pieces
  8123 | D:8      | Noticed a skeletal warrior
  8136 | D:8      | Killed a skeletal warrior
  8137 | D:8      | Reached XP level 10. HP: 86/86 MP: 6/9
  8157 | D:8      | Noticed a skeletal warrior
  8157 | D:8      | Noticed a skeletal warrior
  8192 | D:7      | Killed a skeletal warrior
  8192 | D:7      | Reached ** piety under Okawaru
  8630 | D:8      | Killed a skeletal warrior
  8631 | D:8      | Reached skill level 12 in Long Blades
  8636 | D:8      | Noticed a skeletal warrior
  8650 | D:8      | Killed a skeletal warrior
  8900 | D:8      | Found Vinirchi's General Store.
  9453 | D:9      | Noticed a two-headed ogre
  9461 | D:9      | Killed a two-headed ogre
  9461 | D:9      | Reached *** piety under Okawaru
  9462 | D:9      | Reached skill level 13 in Long Blades
  9795 | D:9      | Found a staircase to the Lair.
  9837 | D:9      | Reached XP level 11. HP: 95/95 MP: 10/10
 10664 | D:9      | Reached **** piety under Okawaru
 10926 | D:10     | Entered Level 10 of the Dungeon
 11062 | D:10     | Found a shimmering blue altar of Sif Muna.
 11080 | D:10     | Noticed a two-headed ogre
 11082 | D:10     | Reached skill level 5 in Dodging
 11092 | D:10     | Killed a two-headed ogre
 12030 | D:11     | Noticed a two-headed ogre
 12043 | D:11     | Killed a two-headed ogre
 12044 | D:11     | Reached skill level 10 in Shields
 12140 | D:11     | Identified the +1 scale mail of the Saviour {rF+ Dex+3}
 12173 | D:11     | Reached skill level 14 in Long Blades
 12335 | D:11     | Noticed a two-headed ogre
 12355 | D:11     | Killed a two-headed ogre
 12355 | D:11     | Reached ***** piety under Okawaru
 12395 | D:11     | Reached skill level 10 in Armour
 12593 | D:11     | Noticed a two-headed ogre
 12607 | D:11     | Killed a two-headed ogre
 12685 | D:11     | Noticed a boulder beetle
 12720 | D:11     | Killed a boulder beetle
 12721 | D:11     | Reached skill level 10 in Fighting
 12721 | D:11     | Reached skill level 1 in Invocations
 12744 | D:11     | Noticed a four-headed hydra
 12842 | D:11     | Found a staircase to the Orcish Mines.
 13471 | D:11     | Killed a four-headed hydra
 13471 | D:11     | Received a gift from Okawaru
 14338 | Lair:1   | Entered Level 1 of the Lair of Beasts
 14404 | Lair:1   | Found a dark tunnel.
 14411 | Volcano  | Entered a volcano
 14461 | Volcano  | Reached XP level 12. HP: 99/107 MP: 11/11
 14490 | Volcano  | Reached skill level 1 in Evocations
 14961 | Volcano  | Noticed a fire dragon
 14988 | Volcano  | Killed a fire dragon
 14989 | Volcano  | Reached skill level 15 in Long Blades
 15357 | Lair:1   | Noticed a four-headed hydra
 15386 | Lair:1   | Killed a one-headed hydra
 15759 | Lair:1   | Noticed an eight-headed hydra
 15766 | Lair:1   | Killed a four-headed hydra
 16127 | D:8      | Bought a scroll of acquirement for 728 gold pieces
 16312 | Lair:2   | Found a hazy altar of Hepliaklqana.
 16335 | Lair:2   | Found a staircase to the Shoals.
 16582 | Lair:2   | Noticed Fannar
 16595 | Lair:2   | Killed Fannar
 16917 | Lair:2   | Paralysed by a hornet for 1 turns
 17530 | Lair:3   | Reached ****** piety under Okawaru
 17543 | Lair:3   | Reached XP level 13. HP: 74/118 MP: 13/13
 17769 | Lair:3   | Received a gift from Okawaru
 17864 | Lair:3   | Found a staircase to the Snake Pit.
 18458 | Lair:4   | Found a gate leading to a gauntlet.
 18460 | Lair:4   | Received a gift from Okawaru
 18510 | Gauntlet | Entered a Gauntlet
 18510 | Gauntlet | Found a transporter.
 18510 | Gauntlet | Found a transporter.
 18510 | Gauntlet | Found a transporter.
 18510 | Gauntlet | Found a transporter.
 18954 | Gauntlet | Found a transporter.
 18972 | Gauntlet | Found a transporter.
 19002 | Gauntlet | Found a transporter.
 19011 | Gauntlet | Found a transporter.
 19017 | Gauntlet | Found a transporter.
 19039 | Gauntlet | Found a transporter.
 19047 | Gauntlet | Found a transporter.
 19065 | Gauntlet | Found a transporter.
 19271 | Gauntlet | Identified the ring "Urghoosess" {rC+ SInv}
 19400 | Gauntlet | Noticed a minotaur
 19414 | Gauntlet | Killed a minotaur
 19415 | Gauntlet | Reached skill level 16 in Long Blades
 21066 | Orc:1    | Entered Level 1 of the Orcish Mines
 21287 | Orc:1    | Found Cyefid's Assorted Antiques.
 21295 | Orc:1    | Bought a glittering copper amulet for 135 gold pieces
 21295 | Orc:1    | Identified the amulet "Imunaor" {Spirit Harm} (You bought
                  | it in a shop on level 1 of the Orcish Mines)
 21690 | Orc:2    | Entered Level 2 of the Orcish Mines
 21808 | Orc:2    | Found Caireon's Armour Shoppe.
 21930 | Orc:2    | Found a staircase to the Elven Halls.
 22303 | Orc:2    | Identified the +3 spear of Eternal Vigilance {venom, rElec
                  | Will+ MP+9} (Okawaru gifted it to you on level 2 of the
                  | Orcish Mines)
 22303 | Orc:2    | Received a gift from Okawaru
 22416 | Orc:2    | Found Omaipsam's Magic Scroll Boutique.
 22478 | Orc:2    | Reached XP level 14. HP: 76/130 MP: 0/14
 22480 | Orc:2    | Found Oklyg's Antique Armour Shoppe.
 22606 | Orc:2    | Bought a scroll of enchant weapon for 90 gold pieces
 22606 | Orc:2    | Bought a scroll of identify for 24 gold pieces
 22606 | Orc:2    | Bought a scroll of identify for 24 gold pieces
 22606 | Orc:2    | Bought a scroll of identify for 24 gold pieces
 22900 | Orc:2    | Found Defeom's Antique Weapon Boutique.
 22900 | Orc:2    | Found Dotaziv's Weapon Shoppe.
 24283 | D:12     | Found a transporter.
 24287 | D:12     | Found a transporter.
 24287 | D:12     | Noticed Decritt's ghost (journeyman MiFi)
 24290 | D:12     | Identified the +5 great mace "Icas" {flame, Str-3 Int+3
                  | Dex+5}
 24290 | D:12     | Identified the +8 dire flail of Fate {vorpal, rC++ Int+3
                  | Dex-3}
 24497 | D:12     | Received a gift from Okawaru
 24677 | D:12     | Noticed Nergalle
 24683 | D:12     | Killed Nergalle
 24829 | D:12     | Reached skill level 17 in Long Blades
 25130 | D:12     | Received a gift from Okawaru
 25137 | D:12     | Killed Decritt's ghost
 25434 | D:13     | Noticed fly's ghost (journeyman FoDe)
 25440 | D:13     | Found a runed translucent gate.
 25440 | D:13     | Found a runed translucent gate.
 25446 | D:13     | Found a runed translucent gate.
 25446 | D:13     | Noticed a sphinx
 26555 | D:13     | Killed fly's ghost
 27048 | D:13     | Upgraded the game from 0.28-a0-941-g140ffa10cf to
                  | 0.28-a0-948-gee6e0bcda6
 27495 | D:14     | Reached skill level 15 in Fighting
 27802 | D:14     | Reached skill level 15 in Shields
 27914 | D:14     | Found a gate to the Vaults.
 27997 | D:13     | Killed a sphinx
 27997 | D:13     | Received a gift from Okawaru
 28473 | D:13     | Reached XP level 15. HP: 131/141 MP: 11/16
 28508 | D:14     | Cast into level 2 of the Abyss (a wizard)
 28708 | Abyss:2  | Noticed a tentacled starspawn
 28718 | Abyss:2  | Killed a tentacled starspawn
 28765 | Abyss:2  | Acquired the +0 pair of boots of the Shoals {Str+4 Int+3
                  | Slay+2}
 28772 | Abyss:2  | Acquired the amulet "Jycoxyro" {Faith rF+ Regen+ Str+5
                  | Int-3}
 28867 | D:14     | Escaped the Abyss
 28868 | D:14     | Received a gift from Okawaru
 29256 | D:14     | Reached skill level 18 in Long Blades
 29364 | D:14     | Found a runed translucent door.
 29373 | D:14     | Noticed a tentacled monstrosity
 29381 | D:14     | Killed a tentacled monstrosity
 29804 | D:14     | Identified the +1 ring mail "Pujeuv" {rPois Regen+ Str-3}
                  | (Okawaru gifted it to you on level 14 of the Dungeon)
 29804 | D:14     | Received a gift from Okawaru
 29920 | D:15     | Entered Level 15 of the Dungeon
 29929 | D:15     | Found Mudgh's General Store.
 30290 | D:8      | Bought 3 scrolls of enchant weapon for 315 gold pieces
 31126 | Lair:5   | Identified the amulet "Noyluull" {Acrobat Regen+ MP+9}
 31759 | Lair:6   | Entered Level 6 of the Lair of Beasts
 31884 | Lair:6   | Identified the +3 hat "Cuthel" {Rampage rN+ Str-3} (Okawaru
                  | gifted it to you on level 6 of the Lair of Beasts)
 31884 | Lair:6   | Received a gift from Okawaru
 32315 | Lair:6   | Reached XP level 16. HP: 73/152 MP: 0/17
 32533 | Lair:6   | Found a staircase to the Slime Pits.
 32794 | Lair:6   | Identified the +1 leather armour of the Hanged Man {Drain
                  | rC+ Int+2}
 32951 | Lair:6   | Reached skill level 15 in Armour
 33686 | Lair:6   | Found a runed translucent door.
 33746 | Lair:6   | Received a gift from Okawaru
 33747 | Lair:6   | Reached skill level 19 in Long Blades
 35971 | D:15     | Found a staircase to the Depths.
 36929 | Snake:1  | Entered Level 1 of the Snake Pit
 37019 | Snake:1  | Identified the +2 long sword "Agrer" {vorpal, rF+} (Okawaru
                  | gifted it to you on level 1 of the Snake Pit)
 37019 | Snake:1  | Received a gift from Okawaru
 37377 | Snake:1  | Found Xocheit's Armour Shoppe.
 37377 | Snake:1  | Found Hegryongo's Assorted Antiques.
 37377 | Snake:1  | Found Paehick's General Store.
 37381 | Snake:1  | Found Tiofagae's Weapon Shoppe.
 37447 | Snake:1  | Bought a +2 plate armour of willpower for 560 gold pieces
 37655 | Snake:1  | You fall into a shaft and drop 1 floor!
 37683 | Snake:2  | Found Toannios's Book Shoppe.
 37683 | Snake:2  | Found Pangiar's Jewellery Boutique.
 37685 | Snake:2  | Found Heutresch's Jewellery Boutique.
 37901 | Snake:2  | Reached XP level 17. HP: 88/163 MP: 0/18
 38264 | Snake:2  | Reached skill level 20 in Long Blades
 38961 | Elf:1    | Entered Level 1 of the Elven Halls
 38977 | Elf:1    | Received a gift from Okawaru
 39420 | Elf:1    | Identified the +8 scimitar "Gigom" {flame, rC+ Dex+5}
                  | (Okawaru gifted it to you on level 1 of the Elven Halls)
 39420 | Elf:1    | Received a gift from Okawaru
 39880 | Elf:1    | Found Konaludd's Antique Weapon Emporium.
 39914 | Elf:1    | Found Xaghukh's Weapon Emporium.
 40106 | Elf:1    | Found Souruum's Antique Weapon Boutique.
 40219 | Elf:1    | Found Keuneix's Book Shoppe.
 40371 | Elf:1    | Paralysed by an air elemental for 1 turns
 40376 | Elf:1    | Paralysed by an air elemental for 1 turns
 40632 | Elf:1    | Got the Incunabulum of Conjuration
 40766 | Elf:1    | Found Hoychoho's General Store.
 40830 | Elf:1    | Bought a potion of might for 80 gold pieces
 41187 | Shoals:1 | Entered Level 1 of the Shoals
 41218 | Shoals:1 | Received a gift from Okawaru
 41546 | Shoals:1 | You fall into a shaft and drop 1 floor!
 41553 | Shoals:2 | Received a gift from Okawaru
 42375 | Shoals:1 | Noticed Donald
 42388 | Shoals:1 | Killed Donald
 42618 | Shoals:1 | Noticed Jorgrun
 42630 | Shoals:1 | Killed Jorgrun
 42630 | Shoals:1 | Identified the +11 dire flail "Ynleufoa" {vorpal, Str+2}
                  | (Okawaru gifted it to you on level 1 of the Shoals)
 42630 | Shoals:1 | Received a gift from Okawaru
 43177 | Elf:3    | Entered Level 3 of the Elven Halls
 43177 | Elf:3    | Found Hukow's General Store.
 43201 | Elf:3    | Bought a potion of mutation for 96 gold pieces
 43264 | Elf:2    | Found Waman's Assorted Antiques.
 43822 | Elf:2    | Reached XP level 18. HP: 135/176 MP: 6/19
 43915 | Elf:2    | Received a gift from Okawaru
 44306 | Elf:2    | Identified Roxanne's Almanac of Shape Shifting
 44306 | Elf:2    | Noticed Roxanne
 44322 | Elf:2    | Killed Roxanne
 44698 | Elf:2    | Found a huge runed translucent gate.
 44698 | Elf:2    | Found a huge runed translucent gate.
 44698 | Elf:2    | Found a huge runed translucent gate.
 44698 | Elf:2    | Found a huge runed translucent gate.
 44699 | Elf:2    | Found a huge runed translucent gate.
 45010 | Elf:3    | Reached skill level 21 in Long Blades
 45370 | Elf:2    | Received a gift from Okawaru
 45596 | Elf:3    | Identified the ring "Ymigoc" {rN+ Will+ rCorr Str-2}
 45675 | Elf:3    | Identified the +8 battleaxe of Sineig {vorpal, rF+}
 45677 | Elf:3    | Identified the +4 great sword "Sarcophage" {distort, rElec
                  | rPois Will+++ Dex-5}
 45766 | Elf:3    | Identified the ring "Daoph" {rPois AC+4 Int-5 Dex+3}
 45778 | Elf:3    | Cast into level 3 of the Abyss (a deep elf sorcerer)
 46031 | Abyss:3  | Noticed a profane servitor
 46053 | Abyss:3  | Killed a profane servitor
 46057 | Abyss:3  | Found a corrupted altar of Lugonu.
 46077 | Abyss:3  | Noticed a bone dragon
 46100 | Abyss:3  | Received a gift from Okawaru
 46133 | Elf:3    | Escaped the Abyss
 46135 | Elf:3    | Identified the +5 glaive "Wopemexadgh" {elec, rN+}
 46254 | Elf:3    | Identified the ring of the Spinneret {+Blink rF+ Str+3
                  | Slay+4}
 46567 | Elf:3    | Identified the ring "Vasuc" {rF+ rC- rN+++ Will+ EV+4}
 47457 | Elf:3    | Identified the +2 pair of gloves of Okawaru's Delight
                  | {Str+5} (Okawaru gifted it to you on level 3 of the Elven
                  | Halls)
 47457 | Elf:3    | Received a gift from Okawaru
 47753 | Elf:3    | Paralysed by an air elemental for 1 turns
 48044 | Elf:2    | Reached XP level 19. HP: 181/185 MP: 20/20
 50366 | Snake:3  | Received a gift from Okawaru
 50455 | Snake:3  | Lost intelligence.
 50569 | Snake:3  | Found Bufasel's Magic Scroll Shop.
 50573 | Snake:3  | Bought a scroll of enchant armour for 127 gold pieces
 50573 | Snake:3  | Bought a scroll of enchant armour for 127 gold pieces
 51021 | Snake:4  | Entered Level 4 of the Snake Pit
 51061 | Snake:4  | Reached skill level 22 in Long Blades
 51341 | Snake:3  | Slain by a naga

Illustrated notes

Levels and vault maps discovered:
D:1:      dpeg_arrival_ternary, layout_basic,
          chequers_ecumenical_altar_simple_redux
D:2:      layout_loops_ring, basic_altar, kennysheep_donut, grunt_ministairs_3,
          uniq_terence
D:3:      kennysheep_slugbush, layout_basic, portal_sewer_entry_b, uniq_natasha
D:4:      layout_basic
D:5:      kennysheep_spiral_hall, layout_basic, nicolae_wu_jian_glorious_leap,
          st_stairs_12, minmay_misc_feat_diagonals
D:6:      layout_cave_pools, lemuel_tele_altar, lemuel_crystal_altar
D:7:      layout_loops_corners, lemuel_doored_altar,
          minmay_temple_entry_statues_pillars, chequers_ossuary_entry_cave
D:8:      layout_loops_ring, mainiacjoe_overflow_tiny_flanked, serial_shops,
          kennysheep_little_box, shop
D:9:      layout_stronghold, due_lair_maze_entry_diamond
D:10:     layout_basic, mainiacjoe_overflow_24_doors, minmay_hedge_maze
D:11:     layout_basic, zombieorc1_lemuel, minmay_puff
D:12:     layout_roguey, gammafunk_ghost_smash, uniq_nergalle
D:13:     layout_loops_ring, gammafunk_ghost_split
D:14:     cheibrodos_body_horror, layout_basic,
          lightli_vaults_fourway_checkpoint
D:15:     grunt_enter_depths_snipers, layout_irregular_city, serial_shops,
          nicolae_shop_crystal, minmay_hollow_rounded_squares
Temple:   eino_temple_scatter_basement
Lair:1:   layout_regular_city, serial_forest, infiniplex_forest_straight_4,
          infiniplex_forest_straight_5, infiniplex_forest_diagonal,
          infiniplex_forest_zigzag_2, infiniplex_forest_clump_curved,
          infiniplex_forest_straight_4, enter_volcano_1
Lair:2:   layout_cellular_growth, shoals_dummy_entry, basic_altar,
          grunt_megastairs_1, uniq_fannar
Lair:3:   layout_chaotic_city, dummy_snake_entry, grunt_megastairs_2
Lair:4:   layout_loops_ring, gauntlet_entry_generic
Lair:5:   layout_layer_cave, minmay_stone_trees_medium, pond, lemuel_fruit_tree
Lair:6:   wormcave, layout_gridlike, hangedman_lair_tendril_chambers,
          minmay_slime_entry_jelly_boxes, guppyfry_lair_drakes,
          infiniplex_staircase_pool
Shoals:1: nicolae_shoals_island_circles, layout_shoals, uniq_donald,
          uniq_jorgrun
Shoals:2: layout_shoals, nicolae_shoals_elemental_ambush
Snake:1:  layout_grid_maze, minmay_shop_grid_forest, st_stairs_9,
          nicolae_snake_guarding_the_ruins
Snake:2:  layout_chambers, hangedman_corner_corridor, grunt_megastairs_5,
          minmay_shop_grove
Snake:3:  nicolae_snake_hallway, layout_cave_town, serial_shops, shop
Snake:4:  grunt_snake_rune_serpentine_throne, layout_onion_interference,
          special_room
Orc:1:    layout_caves, serial_shops, shop, nicolae_orc_bridge_out
Orc:2:    st_orc_town, layout_caves, serial_shops,
          nicolae_shop_temple_entry_statues_fountains, nicolae_orc_rich_vein
Elf:1:    eino_elf_arrival_customs, layout_loops_corners, serial_shops,
          nicolae_shop_bloodbath_and_beyond, shop, shop, shop_statue,
          shop_fountains, minmay_elf_annihilation, fountainhead
Elf:2:    elven_hall_of_blades_hangedman_alternative [nicolae_blade_tridents],
          layout_loops_corners, serial_shops, shop,
          hangedman_elven_crosses_minicolossus, lemuel_elevator, uniq_roxanne
Elf:3:    grunt_elf_hall_branching, layout_geoelf_octagon, serial_shops,
          nicolae_shop_competitors_out_of_business

Skill      XL: |  1  2  3  4  5  6  7  8  9 10 11 12 13 14 15 16 17 18 19 |
---------------+----------------------------------------------------------+-----
Armour         | 4 5 6 7 8 9 10 11 12 13 14 15 17 18 | 18.6
Fighting       | 4 5 6 7 8 10 12 13 15 16 17 19 20 | 20.7
Shields        | 4 6 8 9 10 12 14 15 16 18 19 21 | 21.9
Long Blades    | 3 4 6 8 9 11 13 14 15 16 17 18 19 20 21 22 | 22.0
Dodging        | 1 2 3 4 5 6 7 8 9 |  9.0
Stealth        | 1 2 3 |  3.9
Invocations    | 1 2 3 |  3.3
Evocations     | 2 |  2.4

Action                   |  1- 3 |  4- 6 |  7- 9 | 10-12 | 13-15 | 16-18 | 19-21 || total
-------------------------+-------+-------+-------+-------+-------+-------+-------++-------
Melee: Long sword        |    58 |   121 |   368 |   483 |       |       |       ||  1030
       Headbutt          |    10 |    26 |    94 |   156 |   252 |   340 |    63 ||   941
       Demon blade       |       |       |       |   121 |   984 |   523 |       ||  1628
       Scimitar          |       |       |       |       |       |   507 |   248 ||   755
       Double sword      |       |       |       |       |       |    63 |       ||    63
Invok: Heroism           |       |       |     1 |     8 |     9 |     4 |       ||    22
Evoke: Wand              |       |       |       |    13 |     5 |     7 |       ||    25
  Use: Scroll            |       |     5 |     4 |     7 |    22 |     4 |       ||    42
       Potion            |       |       |     1 |     8 |     6 |     2 |     1 ||    18
Armor: Scale mail        |    42 |    48 |   131 |   140 |   124 |       |       ||   485
       Chain mail        |       |     9 |       |       |       |       |       ||     9
       Plate armour      |       |       |       |       |   181 |   319 |    98 ||   598
Dodge: Dodged            |    33 |    59 |   134 |   180 |   312 |   282 |   152 ||  1152
Block: Buckler           |    20 |    22 |   145 |   310 |   383 |       |       ||   880
       Reflection        |       |       |     6 |    11 |    14 |    24 |    37 ||    92
       Kite shield       |       |       |       |       |   241 |   651 |   280 ||  1172

Table legend: (Time is in decaauts)
 A = Elapsed time spent in this place.
 B = Non-inter-level travel time spent in this place.
 C = Inter-level travel time spent in this place.
 D = Time resting spent in this place.
 E = Time spent auto-exploring this place.
 F = Levels seen in this place.
 G = Mean time per level.
                   A        B        C        D        E       F      G
               +--------+--------+--------+--------+--------+-----+--------+
         Total |  51076 |  46578 |   4498 |   4877 |  28954 |  39 | 1309.6 |
       Dungeon |  21906 |  19320 |   2586 |   1361 |  13939 |  15 | 1460.4 |
        Temple |     72 |     72 |      0 |      0 |      0 |   1 |   72.0 |
          Lair |   9750 |   8865 |    885 |    161 |   6354 |   6 | 1625.0 |
        Shoals |   1799 |   1743 |     56 |    187 |    966 |   2 |  899.5 |
     Snake Pit |   4632 |   4571 |     61 |    961 |   1919 |   4 | 1158.0 |
  Orcish Mines |   2997 |   2759 |    238 |    554 |   1538 |   2 | 1498.5 |
   Elven Halls |   6708 |   6039 |    669 |    717 |   3381 |   3 | 2236.0 |
         Abyss |    676 |    676 |      0 |      0 |    250 |   2 |  338.0 |
         Sewer |    256 |    256 |      0 |     32 |    130 |   1 |  256.0 |
       Ossuary |    624 |    624 |      0 |      0 |    374 |   1 |  624.0 |
       Volcano |    743 |    743 |      0 |    380 |    102 |   1 |  743.0 |
      Gauntlet |    907 |    907 |      0 |    523 |      0 |   1 |  907.0 |
               +--------+--------+--------+--------+--------+-----+--------+

Top non-repeatable levels by time:
   Elf:2: 2693 daAuts
  Lair:6: 2662 daAuts
   Elf:1: 2368 daAuts
    D:13: 2295 daAuts
     D:9: 2229 daAuts
 Snake:2: 2227 daAuts
   Orc:2: 2055 daAuts
  Lair:1: 2031 daAuts
    D:11: 1998 daAuts
     D:8: 1815 daAuts
    D:15: 1686 daAuts
   Elf:3: 1646 daAuts
    D:12: 1632 daAuts
     D:7: 1571 daAuts
    D:14: 1563 daAuts
